 Dungeon Crawl Stone Soup version 0.32-a0-931-g5a2cda0630 (webtiles) character file.

Game seed: 3585574833276273619

1583 Posi the Ruffian (level 8, -5/61 HPs)
             Began as a Gnoll Shapeshifter on Apr 13, 2024.
             Was an Initiate of Gozag.
             Killed from afar by Maggie (10 damage)
             ... with a bolt of fire
             ... on level 6 of the Dungeon.
             The game lasted 00:09:12 (5576 turns).

Posi the Ruffian (Gnoll Shapeshifter)               Turns: 5576, Time: 00:09:13

Health: -5/61      AC:  9    Str: 16    XL:     8   Next: 92%
Magic:  13/13      EV: 11    Int:  9    God:    Gozag
Gold:   531        SH:  0    Dex: 12    Spells: 14/14 levels left

rFire   . .          .
                       - Unarmed
rCold   . . .        (no shield)
rNeg    . . .        z - +0 ring mail
rPois   .            (helmet currently unavailable)
rElec   .            (cloak currently unavailable)
rCorr   .            (gloves currently unavailable)
SInv    .            (boots currently unavailable)
Will    +....        (no amulet)
Stlth   ++           n - +4 ring of protection
HPRegen 0.30/turn    t - ring of willpower
MPRegen 0.13/turn

%: no passive effects
@: beast-form, mesmerised, hasted, very quick
A: beast (slay +4), fangs 1, strong nose, distributed training
a: Begin Untransformation, Renounce Religion, Potion Petition, Call Merchant,
Bribe Branch


You were on level 6 of the Dungeon.
You worshipped Gozag.
Gozag was pleased with you.
You were a hulking beast.
You visited 1 branch of the dungeon, and saw 6 of its levels.
You also visited: Ossuary.

You collected 949 gold pieces.
You paid 418 gold pieces to Gozag.

Inventory:

Hand Weapons
 v - a +2 orcbow of freezing
 y - a +2 hand axe of flaming
Missiles
 i - 10 poisoned darts (quivered)
 u - a throwing net
 I - 2 boomerangs
Armour
 a - a +0 animal skin
 g - a +0 leather armour
 z - a +0 ring mail (worn)
Jewellery
 n - a +4 ring of protection (left hand)
 t - a ring of willpower (right hand)
Talismans
 c - a beast talisman (active)
 d - a flux talisman
Wands
 G - a wand of digging (6)
Scrolls
 e - 2 scrolls of noise {unknown}
 h - a scroll of butterflies {unknown}
 k - a scroll of vulnerability {unknown}
 l - 3 scrolls of identify {unknown}
 m - 2 scrolls of fear {unknown}
 o - a scroll of enchant weapon {unknown}
 q - 3 scrolls of enchant armour {unknown}
 r - 3 scrolls of teleportation {unknown}
 s - 4 scrolls of blinking
 x - a scroll of amnesia {unknown}
 A - a scroll of acquirement {unknown}
 C - 4 scrolls of revelation {unknown}
 D - 3 scrolls of immolation {unknown}
 E - 2 scrolls of poison {unknown}
 H - a scroll of fog {unknown}
Potions
 b - a potion of lignification
 f - 10 potions of curing {unknown}
 j - a potion of enlightenment {unknown}
 p - 2 potions of degeneration {unknown}
 w - 3 potions of attraction {unknown}
 B - 3 potions of heal wounds {unknown}
 F - a potion of berserk rage {unknown}
 J - a potion of invisibility {unknown}


   Skills:
 + Level 4.6 Fighting
 + Level 3.8 Short Blades
 + Level 3.8 Long Blades
 + Level 3.8 Axes
 + Level 3.8 Maces & Flails
 + Level 3.8 Polearms
 + Level 3.8 Staves
 + Level 3.8 Ranged Weapons
 + Level 3.8 Throwing
 + Level 3.8 Armour
 + Level 6.0 Dodging
 + Level 3.8 Stealth
 + Level 3.8 Shields
 + Level 7.6 Unarmed Combat
 + Level 3.8 Spellcasting
 + Level 3.1 Conjurations
 + Level 3.1 Hexes
 + Level 3.1 Summonings
 + Level 3.1 Necromancy
 + Level 3.1 Translocations
 + Level 3.1 Fire Magic
 + Level 3.1 Ice Magic
 + Level 3.1 Air Magic
 + Level 3.1 Earth Magic
 + Level 3.1 Alchemy
 + Level 4.2 Invocations
 + Level 3.8 Evocations
 + Level 7.4 Shapeshifting


You had 14 spell levels left.
You didn't know any spells.
Your spell library contained the following spells:

 Spells                   Type           Power      Damage    Failure   Level
 Magic Dart               Conj           28%        1d4       14%         1
 Blink                    Tloc           14%        N/A       21%         2
 Call Imp                 Summ           14%        N/A       21%         2
 Mercury Vapours          Alch/Air       14%        N/A       21%         2
 Mephitic Cloud           Conj/Alch/Air  7%         N/A       38%         3
 Teleport Other           Tloc           7%         N/A       38%         3
 Freezing Cloud           Conj/Ice/Air   3%         6-21      98%         5
 Dispersal                Tloc           3%         N/A       100%        6
 Gell's Gavotte           Tloc           3%         2d(13-19) 100%        6


Dungeon Overview and Level Annotations

Branches:
Dungeon (6/15)             Temple (0/1) D:4         Ossuary (visited)

Altars:
Gozag

Annotations:
D:6 Maggie


Innate Abilities, Weirdness & Mutations

You are a hulking beast.
Your limbs bulge with bestial killing power. (Slay +4)
You have very sharp teeth.
Your uncanny sense of smell can sniff out nearby items.
Your experience applies equally to all skills.


Message History

Purchase which effect?
You no longer have enough gold to fund merchants seeking to open stores in the dungeon.
You feel yourself speed up.
You feel much better.
Maggie hits you with a +0 scimitar of flaming!
Maggie burns you.
* * * LOW HITPOINT WARNING * * *
You closely miss Maggie.
Maggie is heavily wounded.
You barely miss Maggie.
Maggie is heavily wounded.
Maggie mumbles the words to a spell, but in the wrong order.
Maggie closely misses you.
You barely miss Maggie.
Maggie is heavily wounded.
Maggie says, "How do the people who live here stand the isolation?"
Maggie closely misses you.
You completely miss Maggie. Your punch misses Maggie.
Maggie is heavily wounded.
You barely miss Maggie. You bite Maggie, but do no damage.
Maggie is heavily wounded.
Maggie barely misses you.
You hit Maggie but do no damage.
Maggie is heavily wounded.
You punch Maggie! Your bite misses Maggie.
Maggie is heavily wounded.
Maggie hits you with a +0 scimitar of flaming!
* * * LOW HITPOINT WARNING * * *
Maggie burns you.
* * * LOW HITPOINT WARNING * * *
You punch Maggie!
Maggie is severely wounded.
Maggie barely misses you.
You hit Maggie.
Maggie is severely wounded.
You barely miss Maggie.
Maggie is severely wounded.
Maggie casts a spell at you. The bolt of fire hits you!
You die...
Your body crumbles into a pile of gold.

##((.......##
'.........'
#.........
##.......#
##.....##
#.W.## #O##
####@#####
#....h...#
#.##.###.#
###.#...## #
........ #
#.#...##.#
#........###
####........
#.####### #.#


You could see Maggie (mesmerising), an ogre and a phantom.

Vanquished Creatures
  An ice beast (D:5)
  3 ogres
  A phantom (D:5)
  A kobold brigand (D:6)
  5 scorpions (D:5)
  3 wights (Ossuary)
  A jelly (D:4)
  A bombardier beetle (D:6)
  A hound (D:6)
  An orc priest (D:5)
  A sleepcap (D:6)
  A centaur skeleton (Ossuary)
  2 iguanas
  2 spectral scorpions (Ossuary)
  2 orc wizards
  A crocodile zombie (Ossuary)
  3 ogre skeletons (Ossuary)
  7 mummies (Ossuary)
  5 adders
  3 gnolls
  5 dart slugs
  5 orcs
  3 ball pythons
  5 endoplasms
  5 giant cockroaches
  7 goblins
  8 hobgoblins
  11 kobolds
  3 quokkas
  4 bats
  A frilled lizard (D:1)
  A gnoll skeleton (Ossuary)
  2 kobold skeletons (Ossuary)
  An orc skeleton (Ossuary)
  9 rats
  10 spectral rats (Ossuary)
125 creatures vanquished.

Notes
Turn   | Place    | Note
-------+----------+-------------------------------------------
     0 | D:1      | Posi the Gnoll Shapeshifter began the quest for the Orb.
     0 | D:1      | Reached XP level 1. HP: 17/17 MP: 1/1
   158 | D:1      | Reached XP level 2. HP: 23/23 MP: 2/2
   485 | D:1      | Reached XP level 3. HP: 20/28 MP: 3/3
  1023 | D:2      | Found an opulent altar of Gozag.
  1070 | D:2      | Reached skill level 1 in Invocations
  1099 | D:2      | Became a worshipper of Gozag Ym Sagoz the Greedy
  1247 | D:2      | Reached skill level 1 in Short Blades
  1247 | D:2      | Reached skill level 1 in Long Blades
  1247 | D:2      | Reached skill level 1 in Axes
  1247 | D:2      | Reached skill level 1 in Maces & Flails
  1247 | D:2      | Reached skill level 1 in Polearms
  1247 | D:2      | Reached skill level 1 in Staves
  1247 | D:2      | Reached skill level 1 in Ranged Weapons
  1247 | D:2      | Reached skill level 1 in Throwing
  1247 | D:2      | Reached skill level 1 in Armour
  1247 | D:2      | Reached skill level 1 in Stealth
  1247 | D:2      | Reached skill level 1 in Shields
  1247 | D:2      | Reached skill level 1 in Spellcasting
  1247 | D:2      | Reached skill level 1 in Evocations
  1475 | D:2      | Reached XP level 4. HP: 34/34 MP: 5/5
  1914 | D:3      | Reached skill level 1 in Conjurations
  1914 | D:3      | Reached skill level 1 in Hexes
  1914 | D:3      | Reached skill level 1 in Summonings
  1914 | D:3      | Reached skill level 1 in Necromancy
  1914 | D:3      | Reached skill level 1 in Translocations
  1914 | D:3      | Reached skill level 1 in Fire Magic
  1914 | D:3      | Reached skill level 1 in Ice Magic
  1914 | D:3      | Reached skill level 1 in Air Magic
  1914 | D:3      | Reached skill level 1 in Earth Magic
  1914 | D:3      | Reached skill level 1 in Alchemy
  2182 | D:2      | Reached XP level 5. HP: 14/40 MP: 5/7
  3107 | D:4      | Found a staircase to the Ecumenical Temple.
  3330 | D:4      | Identified the +1 robe of the Thirsty Wishes {rPois Will+
                  | SInv}
  3421 | D:5      | Entered Level 5 of the Dungeon
  3464 | D:5      | Reached XP level 6. HP: 29/47 MP: 8/8
  3565 | D:5      | Reached skill level 5 in Dodging
  3687 | D:5      | Found a sand-covered staircase.
  3704 | Ossuary  | Entered an ossuary
  3988 | Ossuary  | Reached XP level 7. HP: 52/52 MP: 10/10
  4584 | D:5      | Reached XP level 8. HP: 60/60 MP: 12/12
  5180 | D:6      | Noticed Maggie
  5576 | D:6      | Killed from afar by Maggie

Illustrated notes

Levels and vault maps discovered:
D:1:      lemuel_arrival_lava_pool, layout_basic
D:2:      layout_basic, basic_altar
D:3:      layout_basic
D:4:      layout_basic, minmay_temple_entry_ruins
D:5:      layout_loops_ring, enter_ossuary_1, chequers_serial_rivers_small_3
D:6:      layout_loops_corners, uniq_maggie

Skill      XL: |  1  2  3  4  5  6  7  8 |
---------------+-------------------------+-----
Invocations    | 1 2 3 4 |  4.2
Short Blades   | 1 2 3 |  3.8
Long Blades    | 1 2 3 |  3.8
Axes           | 1 2 3 |  3.8
Maces & Flails | 1 2 3 |  3.8
Polearms       | 1 2 3 |  3.8
Staves         | 1 2 3 |  3.8
Ranged Weapons | 1 2 3 |  3.8
Throwing       | 1 2 3 |  3.8
Armour         | 1 2 3 |  3.8
Stealth        | 1 2 3 |  3.8
Shields        | 1 2 3 |  3.8
Spellcasting   | 1 2 3 |  3.8
Evocations     | 1 2 3 |  3.8
Conjurations   | 1 2 3 |  3.1
Hexes          | 1 2 3 |  3.1
Summonings     | 1 2 3 |  3.1
Necromancy     | 1 2 3 |  3.1
Translocations | 1 2 3 |  3.1
Fire Magic     | 1 2 3 |  3.1
Ice Magic      | 1 2 3 |  3.1
Air Magic      | 1 2 3 |  3.1
Earth Magic    | 1 2 3 |  3.1
Alchemy        | 1 2 3 |  3.1
Fighting       | 3 4 |  4.6
Dodging        | 5 6 |  6.0
Unarmed Combat | 7 |  7.6
Shapeshifting  | 7 |  7.4

Action                     |  1- 3 |  4- 6 |  7- 9 || total
---------------------------+-------+-------+-------++-------
  Melee: Unarmed           |    59 |   111 |   157 ||   327
         Bite              |     6 |    16 |    26 ||    48
         Punch             |       |     8 |     7 ||    15
   Fire: Orcbow            |       |    14 |       ||    14
  Throw: Dart              |       |     7 |    12 ||    19
 Invoke: Potion Petition   |       |       |     1 ||     1
    Use: Scroll            |       |       |     1 ||     1
   Stab: Sleeping          |     2 |     2 |     1 ||     5
         Distracted        |       |       |     2 ||     2
 Armour: Animal skin       |    24 |    35 |       ||    59
         Ring mail         |       |    36 |    60 ||    96
  Dodge: Dodged            |    29 |    61 |    44 ||   134
         Form:             |       |     1 |       ||     1
         Beast             |       |     1 |       ||     1

Table legend: (Time is in decaauts)
 A = Elapsed time spent in this place.
 B = Non-inter-level travel time spent in this place.
 C = Inter-level travel time spent in this place.
 D = Time resting spent in this place.
 E = Time spent auto-exploring this place.
 F = Levels seen in this place.
 G = Mean time per level.
                   A        B        C        D        E       F      G
               +--------+--------+--------+--------+--------+-----+--------+
         Total |   5539 |   5243 |    296 |    516 |   3776 |   7 |  791.3 |
       Dungeon |   4707 |   4411 |    296 |    253 |   3406 |   6 |  784.5 |
       Ossuary |    832 |    832 |      0 |    263 |    370 |   1 |  832.0 |
               +--------+--------+--------+--------+--------+-----+--------+

Top non-repeatable levels by time:
     D:1: 1012 daAuts
     D:5: 944 daAuts
     D:3: 926 daAuts
     D:2: 922 daAuts
 Ossuary: 832 daAuts
     D:4: 552 daAuts
     D:6: 348 daAuts
